 Dungeon Crawl Stone Soup version 0.23.0 (webtiles) character file.

Game seed: 9163823969894930498

136 Faca the Shooter (level 4, 0/63 HPs)
             Began as a Centaur Hunter on Feb 17, 2019.
             Succumbed to a kobold's poison
             ... in a sewer.
             The game lasted 00:07:31 (2504 turns).

Faca the Shooter (Centaur Hunter)                   Turns: 2504, Time: 00:07:32

Health: 0/63       AC:  7    Str: 20    XL:     4   Next: 98%
Magic:  4/4        EV:  9    Int: 15    God:
Gold:   167        SH:  0    Dex: 10    Spells: 3/3 levels left

rFire    + . .     SeeInvis .   s - +0 spear
rCold    + + .     Gourm    .   (no shield)
rNeg     . . .     Faith    .   p - +0 ring mail
rPois    +         Spirit   .   (no helmet)
rElec    +         Reflect  .   (no cloak)
rCorr    +         Harm     .   (no gloves)
MR       .....                  (no barding)
Stlth    ..........             (no amulet)
HPRegen  0.20/turn              j - ring of protection from cold
MPRegen  0.09/turn              n - ring of stealth

@: brilliant, berserking, lethally poisoned (0 -> -2), resistant, very quick
A: large, hooves 3, yellow scales 1, deformed body, speed 2, mutation resistance
1, tough skin 3, sturdy frame 1
a: no special abilities


You were in a sewer.
You were not hungry.

You visited 1 branch of the dungeon, and saw 3 of its levels.
You also visited: Sewer.

You collected 167 gold pieces.

Inventory:

Hand Weapons
 a - a +1 shortbow
 s - a +0 spear (weapon)
Missiles
 d - 42 arrows
Armour
 p - a +0 ring mail (worn)
Jewellery
 j - a ring of protection from cold (left hand)
 n - a ring of stealth (right hand)
Scrolls
 h - 4 scrolls of remove curse {unknown}
 i - a scroll of identify {unknown}
 k - 4 scrolls of teleportation {unknown}
 l - a scroll of blinking {unknown}
 m - 2 scrolls of amnesia {unknown}
Potions
 c - a potion of invisibility {unknown}
 g - a potion of ambrosia {unknown}
 q - a potion of resistance
 r - a potion of mutation
Comestibles
 f - 6 rations


   Skills:
 + Level 5.0 Fighting
 + Level 1.1 Polearms
 - Level 5.3 Bows
 - Level 1.3 Dodging
 - Level 0.4 Stealth


You had 3 spell levels left.
You didn't know any spells.
Your spell library was empty.

Dungeon Overview and Level Annotations

Branches:
Dungeon (3/15)

Altars:
Hepliaklqana


Innate Abilities, Weirdness & Mutations

You have hooves in place of feet.
Armour fits poorly on your strangely shaped body.
You cover ground very quickly.
You have extremely tough skin. (AC +3)
You are partially covered in yellow scales. (AC +2)
You are somewhat resistant to further mutation.
Your movements are slightly less encumbered by armour. (ER -2)


Message History

The kobold closely misses you.
It was a potion of brilliance.
You feel clever all of a sudden.
* * * LOW HITPOINT WARNING * * *
You feel sick. The kobold closely misses you. x3
It was a potion of berserk rage.
A red film seems to cover your vision as you go berserk!
You feel yourself moving faster!
You feel mighty! The kobold misses you. The kobold hits you but does no damage.
The kobold hits you.
* * * LOW HITPOINT WARNING * * *
You are too berserk!
Unknown command.
You are too berserk!
You closely miss the kobold. Your kick misses the kobold.
The kobold hits you with a +0 dagger.
* * * LOW HITPOINT WARNING * * *
The kobold barely misses you. x2
You barely miss the kobold. You kick the kobold.
You kill the kobold!
You die...

##### ### .....##.#
........########
P.........#@...#####
...P......K)K.!#.∩.#
....≈≈P≈..(..∩.#.∩.#
....≈≈≈≈P(#.?!.#...#
######≈≈########'###
≈≈≈≈≈≈≈≈≈≈≈≈≈≈≈≈≈≈≈#
≈≈≈≈≈≈≈≈≈≈≈≈≈≈≈≈≈≈≈#
≈≈≈≈≈≈≈≈≈≈≈≈≈≈≈≈≈≈≈#
≈≈≈#################


You could see 2 kobolds.

Vanquished Creatures
  2 river rats (D:3)
  3 adders
  An ooze (D:3)
  A worm (D:2)
  3 dart slugs
  4 leopard geckos
  An orc (D:3)
  9 bats
  4 giant cockroaches
  10 goblins
  4 hobgoblins
  5 jackals (D:1)
  2 ball pythons
  4 frilled lizards
  11 kobolds
  12 rats
76 creatures vanquished.

Notes
Turn   | Place    | Note
-------+----------+-------------------------------------------
     0 | D:1      | Faca the Centaur Hunter began the quest for the Orb.
     0 | D:1      | Reached XP level 1. HP: 17/17 MP: 1/1
    28 | D:1      | Reached XP level 2. HP: 4/25 MP: 2/2
   702 | D:1      | Reached XP level 3. HP: 31/31 MP: 3/3
  1309 | D:2      | Found a faded altar of an unknown god.
  1391 | D:2      | Reached XP level 4. HP: 36/41 MP: 4/4
  1757 | D:3      | Found a hazy altar of Hepliaklqana.
  2216 | D:3      | Found a glowing drain.
  2223 | D:3      | Reached skill level 1 in Polearms
  2224 | D:3      | Reached skill level 5 in Fighting
  2255 | Sewer    | Entered a sewer
  2500 | Sewer    | Gained mutation: You are somewhat resistant to further
                  | mutation. [potion of mutation]
  2500 | Sewer    | Gained mutation: Your movements are slightly less
                  | encumbered by armour. (ER -2) [potion of mutation]
  2500 | Sewer    | Gained mutation: You are partially covered in yellow
                  | scales. (AC +2) [potion of mutation]
  2501 | Sewer    | HP: 2/42 [poisoned by a kobold]
  2504 | Sewer    | Succumbed to a kobold's poison

Skill      XL: |  1  2  3  4 |
---------------+-------------+-----
Fighting       | 3 4 5 |  5.0
Polearms       | 1 |  1.1
Bows           | |  5.3
Dodging        | |  1.3
Stealth        | |  0.4

Action                   |  1- 3 |  4- 6 || total
-------------------------+-------+-------++-------
Melee: Short sword       |   139 |    49 ||   188
       Kick              |    22 |    17 ||    39
       Spear             |       |    55 ||    55
  Use: Potion            |       |     4 ||     4
 Stab: Sleeping          |       |     2 ||     2
  Eat: Chunk             |     1 |     3 ||     4
Armor: Leather armour    |    65 |       ||    65
       Ring mail         |       |    40 ||    40
Dodge: Dodged            |    95 |    69 ||   164
